Map: Heavy Artillery LE

Players

Treco - Winner!

  • Race: Zerg Zerg
  • League: Diamond
  • Spawn Location: 7:00

HDjoffa - Winner!

  • Race: Terran Terran
  • League: Diamond
  • Spawn Location: 7:00

Massa

  • Race: Terran Terran
  • League: Platinum
  • Spawn Location: 3:00

qqq

  • Race: Zerg Zerg
  • League: Platinum
  • Spawn Location: 1:00

VOD

Have the link to the VOD?

Description

Time

  • Played on: Nov. 24, 2020, 3:57 p.m.
  • Length: 13:58
Show
View Real Time Build Order
Export as new Build Order

Treco Zerg - Winner!

Build Orders: Hatch First 

Get SALT Encoding   

  12  0:02  Drone  
  13  0:12  Overlord  
  13  0:17  Drone  
  14  0:30  Drone x2  
  16  0:49  Hatchery  
  15  0:53  Drone  
  15  0:55  Drone  
  17  0:58  Drone  
  18  1:09  Extractor  
  17  1:16  Spawning Pool  
  17  1:17  Drone  
  17  1:26  Drone  
  17  1:29  Drone  
  19  1:40  Drone  
  20  1:50  Drone  
  21  2:00  Overlord  
  21  2:06  Queen x2, Zergling x2  
  26  2:14  Drone x2  
  28  2:29  Hatchery  
  27  2:30  Metabolic Boost  
  27  2:36  Drone x2  
  29  2:50  Drone x4  
  33  2:55  Overlord  
  33  3:02  Drone  
  34  3:14  Queen  
  34  3:17  Drone, Lair  
  34  3:18  Drone x2  
  39  3:22  Drone  
  39  3:23  Drone x2  
  42  3:28  Zergling x4  
  42  3:30  Overlord  
  44  3:41  Queen  
  44  3:48  Overlord  
  46  3:49  Zergling x4  
  48  3:57  Zergling x2  
  48  3:58  Zergling x2  
  48  4:01  Drone, Zergling x2  
  48  4:02  Zergling x2  
  50  4:22  Drone x6  
  50  4:23  Drone  
  57  4:35  Extractor  
  57  4:37  Roach Warren  
  57  4:38  Extractor  
  54  4:40  Evolution Chamber  
  54  4:41  Evolution Chamber  
  54  4:42  Drone x3  
  55  4:48  Extractor  
  55  4:49  Drone x3  
  55  4:51  Spire  
  56  4:54  Drone x2  
  56  4:58  Overlord  
  56  4:59  Overlord  
  58  5:06  Drone  
  60  5:07  Drone x3  
  60  5:11  Drone x2  
  60  5:12  Drone x2  
  60  5:14  Hatchery  
  65  5:15  Zerg Missile Weapons Level 1  
  65  5:18  Drone  
  65  5:19  Drone x2  
  68  5:26  Zerg Ground Armor Level 1  
  68  5:31  Extractor  
  68  5:33  Extractor  
  66  5:44  Glial Reconstitution  
  66  5:49  Drone x3  
  69  5:50  Drone x3  
  72  6:03  Drone x4  
  72  6:04  Overlord x3  
  76  6:06  Zerg Flyer Weapons Level 1  
  76  6:08  Mutalisk x2  
  80  6:16  Overlord x2  
  80  6:17  Overlord  
  80  6:20  Extractor  
  80  6:21  Extractor  
  80  6:22  Infestation Pit  
  80  6:23  Mutalisk  
  79  6:33  Queen  
  79  6:37  Drone x4, Overlord  
  79  6:38  Drone  
  79  6:39  Drone x9  
  95  6:45  Burrow  
  95  6:47  Mutalisk  
  95  6:51  Mutalisk x3  
  103  7:04  Drone x2  
  105  7:13  Mutalisk x4  
  105  7:15  Overlord x2  
  113  7:16  Overlord x2  
  113  7:19  Drone  
  113  7:20  Drone  
  113  7:22  Mutalisk x2  
  119  7:32  Zerg Melee Weapons Level 1  
  119  7:40  Mutalisk x2  
  122  7:47  Mutalisk x2  
  124  7:55  Spore Crawler  
  124  7:56  Spore Crawler  
  124  7:58  Spore Crawler x2  
  118  7:59  Drone x4  
  118  8:00  Zerg Flyer Armor Level 1  
  121  8:05  Spore Crawler  
  121  8:06  Spore Crawler x2  
  121  8:07  Hive  
  121  8:12  Mutalisk x2  
  118  8:19  Zergling x2  
  124  8:20  Zergling x30  
  124  8:23  Extractor  
  124  8:24  Zerg Ground Armor Level 2  
  124  8:25  Hatchery  
  124  8:26  Extractor  
  135  8:41  Mutalisk x2  
  135  8:42  Mutalisk x2  
  138  9:03  Roach  
  129  9:18  Viper x2  
  127  9:40  Viper x4  
  127  9:42  Zergling x2  
  127  9:43  Zergling x26  
  153  9:52  Pneumatized Carapace  
  149  10:16  Lair  
  149  10:20  Zergling x2  
  149  10:21  Zergling x26  
  162  10:24  Zerg Melee Weapons Level 2  
  162  10:26  Zerg Flyer Armor Level 2  
  162  10:27  Baneling Nest  
  162  10:30  Mutalisk  
  162  10:31  Mutalisk  
  164  10:43  Overlord  
  164  10:44  Overlord x5  
  161  10:57  Mutalisk x2  
  161  10:59  Overlord x3  
  165  11:09  Centrifical Hooks  
  165  11:13  Mutalisk, Roach  
  165  11:14  Corruptor x5  
  165  11:15  Corruptor x2  
  183  11:27  Overlord x3  
  183  11:29  Overseer x4  
  183  11:49  Baneling x3  
  183  11:50  Baneling  
  183  12:16  Zergling x2  
  183  12:17  Zergling x30  
  192  13:14  Baneling  
  192  13:15  Baneling x23  
  192  13:23  Ultralisk Cavern  
Show
View Real Time Build Order
Export as new Build Order

HDjoffa Terran - Winner!

Build Orders: Reaper Expand 

Get SALT Encoding   

  12  0:00  SCV  
  13  0:12  SCV  
  14  0:17  Supply Depot  
  14  0:24  SCV  
  15  0:38  SCV  
  15  0:40  Barracks  
  16  0:46  Refinery  
  16  0:50  SCV  
  17  1:03  SCV  
  18  1:15  SCV  
  19  1:30  Reaper  
  19  1:32  Orbital Command  
  19  1:49  Command Center  
  19  2:03  SCV, Supply Depot  
  19  2:05  Marine  
  21  2:15  SCV  
  22  2:18  Factory  
  22  2:27  SCV  
  23  2:39  SCV  
  24  2:51  SCV  
  24  2:52  Marine  
  26  3:00  Refinery  
  26  3:02  Orbital Command  
  26  3:04  SCV, Factory Tech Lab  
  27  3:16  SCV  
  27  3:17  Factory Reactor  
  28  3:28  SCV, Barracks  
  28  3:29  Barracks, Marine  
  28  3:33  SCV  
  31  3:40  SCV  
  32  3:45  SCV  
  33  3:52  SCV  
  33  3:53  Hellion  
  33  3:54  Hellion  
  37  3:57  SCV  
  36  4:19  SCV x2  
  36  4:20  Hellion  
  36  4:21  Hellion  
  42  4:31  SCV x2  
  44  4:42  Hellion  
  44  4:43  Barracks Reactor x2  
  45  4:48  Supply Depot  
  45  4:55  SCV  
  46  5:03  Supply Depot  
  46  5:04  Supply Depot  
  46  5:06  Command Center  
  46  5:10  SCV x2  
  50  5:15  Starport  
  50  5:22  SCV x2  
  50  5:24  Refinery  
  50  5:31  Marine x4  
  50  5:32  Barracks  
  55  5:39  Factory Tech Lab  
  55  5:41  SCV x2  
  56  5:45  Refinery  
  56  5:53  SCV  
  56  5:54  SCV  
  56  5:59  Marine x5  
  61  6:04  Starport Reactor  
  61  6:05  SCV  
  62  6:12  Engineering Bay x2  
  62  6:14  SCV, Armory  
  62  6:17  Marine  
  62  6:18  SCV  
  65  6:21  Marine x3  
  65  6:22  Marine x3  
  71  6:26  SCV  
  71  6:28  Orbital Command  
  72  6:34  Marine  
  72  6:36  SCV  
  72  6:39  SCV, Marine x4  
  81  6:41  Medivac  
  84  6:48  SCV  
  84  6:50  Supply Depot x2  
  85  6:55  Supply Depot  
  85  6:56  Supply Depot  
  85  7:02  Terran Infantry Weapons Level 1  
  85  7:03  Barracks Tech Lab, Terran Infantry Armor Level 1  
  85  7:11  Medivac x2  
  85  7:12  SCV  
  85  7:14  SCV x2  
  92  7:22  Stimpack  
  92  7:24  SCV  
  92  7:26  SCV x2  
  95  7:36  SCV  
  96  7:38  SCV x2  
  96  7:41  Medivac  
  100  7:45  Refinery  
  100  7:47  Refinery  
  100  7:48  Factory x2, Missile Turret  
  100  7:51  Missile Turret  
  100  7:54  Missile Turret  
  100  7:55  SCV x3  
  100  7:56  Marine x6  
  100  7:57  Marine  
  110  8:07  SCV x2  
  110  8:12  SCV  
  113  8:14  Marine x4  
  113  8:17  Command Center  
  117  8:30  Supply Depot  
  117  8:31  Supply Depot x2  
  117  8:32  Supply Depot  
  117  8:47  Marine  
  117  8:52  SCV, Marine x6  
  117  8:54  Factory Tech Lab x2  
  109  9:04  Marine  
  109  9:09  Marine x3  
  94  9:12  Liberator  
  94  9:13  Liberator  
  93  9:17  SCV x3  
  93  9:21  Terran Infantry Armor Level 2, Terran Infantry Weapons Level 2, Command Center  
  96  9:28  Missile Turret  
  96  9:29  SCV x3  
  96  9:30  Missile Turret  
  99  9:33  Engineering Bay  
  99  9:34  Missile Turret  
  99  9:37  Missile Turret  
  98  9:39  Marine  
  98  9:40  Marine x6  
  102  9:55  Liberator  
  102  9:56  Liberator  
  102  9:57  Marine  
  106  10:01  Siege Tank x2  
  106  10:02  Marine x5  
  106  10:03  Marine  
  115  10:15  Marine  
  115  10:20  Marine x5  
  115  10:21  Hi-Sec Auto Tracking  
  121  10:22  Missile Turret  
  117  10:33  Siege Tank x2  
  116  10:42  Marine  
  114  10:43  Marine x6  
  121  11:00  Marine  
  121  11:01  Marine x6  
  128  11:05  Barracks x2, Siege Tank  
  128  11:06  Barracks  
  128  11:11  Siege Tank  
  134  11:18  Marine x3  
  134  11:19  Marine x4  
  141  11:28  Missile Turret x2  
  141  11:31  Terran Vehicle Weapons Level 1, Supply Depot x2  
  141  11:32  Supply Depot x2  
  141  11:36  Marine x2  
  141  11:37  Planetary Fortress, Siege Tank  
  146  11:58  Starport  
  146  12:04  Barracks Reactor x2  
  146  12:12  Refinery x2  
  146  12:13  Barracks Reactor  
  146  12:16  Siege Tank  
  146  12:17  Marine, Siege Tank  
  146  12:18  Marine x6  
  146  12:22  Medivac x2  
  163  12:35  Starport Reactor, Marine  
  163  12:36  Marine x4, Combat Shield  
  168  12:49  Marine x2  
  168  12:50  Marine x4  
  174  12:55  Medivac x2  
  178  12:59  Supply Depot  
  178  13:04  Marine, Supply Depot  
  178  13:05  Marine x6  
  185  13:07  Marine x3  
  185  13:08  Marine x3  
  193  13:13  Widow Mine  
  193  13:25  Medivac  
Show
View Real Time Build Order
Export as new Build Order

Massa Terran 

Build Orders:  

Get SALT Encoding   

  12  0:00  SCV  
  13  0:12  SCV  
  14  0:24  SCV  
  14  0:25  Supply Depot  
  15  0:36  Refinery  
  15  0:46  SCV  
  15  0:47  Barracks  
  16  0:59  SCV  
  17  1:11  SCV  
  18  1:23  SCV  
  19  1:32  Barracks  
  19  1:35  SCV  
  20  2:04  Command Center  
  20  2:10  Reaper  
  20  2:11  Supply Depot  
  20  2:14  Orbital Command  
  21  2:20  Reaper  
  21  2:41  SCV  
  22  2:57  Reaper  
  23  3:04  Supply Depot  
  23  3:15  Reaper  
  24  3:21  Orbital Command  
  24  3:24  SCV  
  25  3:36  Barracks Tech Lab, SCV  
  25  3:39  Factory, Command Center  
  24  4:23  Widow Mine  
  25  4:30  Barracks Reactor  
  23  4:32  SCV x2  
  25  4:41  Marauder  
  25  4:44  SCV x2  
  29  4:46  Stimpack  
  29  4:52  Factory Tech Lab  
  29  4:56  SCV x2  
  29  4:57  Barracks  
  31  5:00  Barracks  
  31  5:03  Barracks, Marauder  
  31  5:06  Orbital Command  
  33  5:08  SCV x2  
  35  5:20  SCV x2  
  37  5:24  Marauder  
  39  5:29  Refinery, Engineering Bay  
  39  5:32  Starport, SCV  
  39  5:33  SCV x2  
  42  5:40  Refinery  
  42  5:42  Refinery  
  42  5:45  SCV x3  
  42  5:47  Barracks Reactor, Barracks Tech Lab, Barracks  
  44  5:59  Marauder, Marine x2  
  44  6:03  Barracks Tech Lab  
  48  6:08  SCV  
  48  6:09  SCV x2  
  51  6:20  SCV  
  51  6:21  SCV x2  
  51  6:24  Missile Turret  
  54  6:26  Marine x3  
  54  6:27  Marauder x3, Marine  
  54  6:32  Starport Reactor  
  64  6:34  Medivac  
  66  6:44  Marine x3  
  69  6:52  Supply Depot x2  
  69  6:57  Command Center  
  69  6:58  Supply Depot  
  69  7:01  Armory  
  69  7:13  Marine x4, Medivac  
  69  7:14  Widow Mine, Marauder x2, Supply Depot  
  81  7:17  Supply Depot  
  81  7:18  SCV x3  
  84  7:28  Missile Turret  
  84  7:32  Marauder  
  84  7:36  Missile Turret  
  86  7:43  Missile Turret  
  86  7:48  Missile Turret  
  86  7:54  Sensor Tower  
  86  7:56  Missile Turret  
  86  7:57  SCV x3  
  89  7:59  Marauder x3, Marine x2  
  89  8:02  Starport Reactor  
  97  8:06  Terran Infantry Weapons Level 1  
  97  8:09  SCV x2, Engineering Bay  
  97  8:10  SCV  
  100  8:17  Refinery  
  100  8:20  Siege Tank  
  100  8:21  SCV  
  100  8:22  SCV x2, Marauder  
  100  8:25  Combat Shield  
  108  8:29  Marauder, Marine  
  108  8:33  SCV  
  86  9:11  Marine  
  86  9:12  Marine x6  
  68  9:18  Siege Tank  
  69  9:28  Refinery  
  69  9:29  Marine x2  
  69  9:30  Marauder, Marine x2  
  69  9:31  Orbital Command, Marauder  
  77  9:32  SCV x3  
  80  9:44  SCV x3  
  80  9:45  Terran Infantry Armor Level 1  
  83  9:46  Missile Turret  
  83  9:52  Marauder x3, Marine x4, Missile Turret  
  89  9:55  Siege Tank  
  92  10:09  Missile Turret  
  92  10:10  Marine x4  
  92  10:13  Marauder x2, Marine  
  101  10:14  Missile Turret  
  101  10:18  Medivac x2  
  105  10:27  Marine, Siege Tank  
  105  10:28  Marine x3  
  112  10:31  Marauder  
  112  10:32  Missile Turret  
  112  10:35  Marauder x2  
  107  10:48  Medivac x2  
  111  10:53  Marauder, Marine x4  
  111  10:56  Marauder x2  
  104  10:59  Thor  
  110  11:05  SCV x4  
  110  11:09  Refinery  
  110  11:11  Refinery, Marine x4  
  114  11:14  Armory, Marauder  
  114  11:17  SCV x2  
  114  11:18  Marauder  
  124  11:21  Command Center  
  124  11:22  Barracks Reactor  
  124  11:32  Concussive Shells  
  124  11:40  Terran Infantry Weapons Level 2  
  124  11:41  Supply Depot  
  124  11:42  Supply Depot  
  124  11:43  Supply Depot  
  124  11:44  Supply Depot  
  124  12:03  SCV x2, Marine x2, Medivac x2  
  124  12:04  SCV x2, Marauder, Thor  
  142  12:12  Factory x2  
  142  12:16  SCV  
  143  12:23  Marauder x2, Marine x2  
  143  12:24  Marine x3  
  143  12:25  Marine  
  143  12:26  Marauder  
  155  12:44  Marauder x2, Viking  
  155  12:45  Viking  
  163  12:51  Supply Depot  
  163  12:58  Factory Tech Lab, Barracks, Factory Reactor  
  163  13:01  Barracks  
  163  13:14  Viking, Supply Depot  
  163  13:15  Viking  
  163  13:17  Marauder, Marine  
  163  13:18  Marauder x2, Marine  
  179  13:37  Supply Depot  
  179  13:40  Sensor Tower  
Show
View Real Time Build Order
Export as new Build Order

qqq Zerg 

Build Orders: Hatch First 

Get SALT Encoding   

  12  0:00  Drone  
  13  0:08  Drone  
  14  0:30  Overlord  
  14  0:41  Hatchery  
  13  0:49  Drone x2  
  15  0:53  Drone  
  16  1:03  Drone  
  17  1:21  Drone, Spawning Pool  
  17  1:23  Drone  
  18  1:26  Extractor  
  17  1:40  Drone  
  18  1:55  Drone x2  
  18  1:59  Drone  
  21  2:05  Overlord  
  21  2:06  Drone  
  22  2:22  Extractor, Drone  
  22  2:23  Drone  
  23  2:34  Queen  
  24  2:50  Drone x3  
  26  2:54  Drone  
  27  2:58  Lair  
  27  3:00  Drone, Zergling x2  
  29  3:07  Drone  
  29  3:10  Drone  
  31  3:14  Drone  
  31  3:15  Extractor  
  31  3:18  Drone  
  32  3:20  Metabolic Boost  
  32  3:24  Drone  
  33  3:32  Hatchery  
  32  3:39  Drone x2  
  34  3:42  Drone  
  34  3:45  Extractor  
  34  3:49  Drone  
  34  3:50  Drone  
  36  4:05  Overlord  
  36  4:15  Hatchery  
  36  4:16  Overlord  
  35  4:17  Overlord x2  
  35  4:19  Queen, Spire  
  35  4:23  Overlord  
  36  4:31  Zergling x4  
  38  4:48  Drone, Overlord  
  38  4:49  Drone x2  
  41  4:55  Extractor, Queen  
  42  5:05  Drone x3  
  45  5:13  Spore Crawler  
  44  5:15  Drone x2, Spore Crawler  
  44  5:17  Overlord  
  44  5:18  Drone x3  
  48  5:24  Infestation Pit  
  47  5:32  Drone x3  
  47  5:33  Drone x3  
  47  5:35  Mutalisk  
  53  5:37  Mutalisk  
  53  5:42  Mutalisk  
  59  5:45  Mutalisk  
  59  5:49  Zerg Flyer Weapons Level 1  
  61  6:01  Hive  
  61  6:09  Drone  
  61  6:10  Drone x7  
  69  6:11  Mutalisk  
  71  6:22  Drone x2  
  71  6:23  Drone  
  71  6:24  Mutalisk  
  76  6:28  Overlord x3  
  76  6:29  Drone x2  
  78  6:35  Baneling Nest  
  77  6:41  Hatchery  
  77  6:43  Mutalisk  
  78  6:54  Drone x4  
  78  6:55  Drone x5  
  78  6:58  Extractor  
  78  6:59  Extractor  
  78  7:00  Queen  
  87  7:07  Drone x3  
  90  7:08  Mutalisk x2  
  90  7:13  Zergling x2  
  95  7:27  Mutalisk  
  95  7:28  Mutalisk  
  97  7:41  Mutalisk  
  97  7:42  Zergling x2  
  97  7:43  Zergling x8  
  97  7:44  Drone x6  
  102  7:58  Drone  
  102  7:59  Drone x4  
  102  8:02  Viper  
  102  8:03  Mutalisk  
  102  8:05  Drone x4  
  116  8:09  Spine Crawler  
  116  8:10  Spine Crawler  
  114  8:13  Spine Crawler  
  114  8:15  Drone x2, Mutalisk x2  
  114  8:16  Spine Crawler  
  118  8:22  Drone  
  118  8:26  Drone x2, Overlord  
  121  8:30  Greater Spire  
  121  8:36  Extractor  
  121  8:38  Extractor  
  119  8:43  Mutalisk x3  
  119  8:45  Zergling x10  
  130  8:56  Hatchery  
  130  8:57  Hatchery, Baneling x3  
  120  9:14  Mutalisk  
  120  9:15  Mutalisk x2  
  120  9:16  Drone  
  127  9:22  Drone  
  127  9:27  Overlord x3  
  127  9:28  Zergling x4  
  128  9:32  Spine Crawler  
  128  9:33  Drone, Overlord  
  128  9:34  Overlord  
  128  9:40  Hatchery  
  127  9:50  Viper  
  127  9:51  Mutalisk x3  
  136  9:53  Zergling x10  
  132  10:15  Corruptor x4  
  132  10:16  Viper  
  132  10:17  Zergling x2  
  132  10:18  Zergling x2  
  132  10:19  Drone x6  
  147  10:46  Corruptor x5  
  157  10:52  Drone x2  
  157  10:53  Drone x5  
  164  11:01  Zergling x10  
  164  11:02  Zergling x2  
  164  11:03  Viper  
  173  11:10  Spine Crawler  
  172  11:11  Drone  
  172  11:12  Drone x3, Spine Crawler x2  
  172  11:15  Spine Crawler  
  172  11:16  Drone x3  
  172  11:17  Drone x3, Spine Crawler  
  178  11:19  Spine Crawler  
  178  11:20  Spine Crawler, Spore Crawler  
  178  11:22  Spine Crawler  
  178  11:25  Spine Crawler  
  173  11:26  Drone x3  
  173  11:30  Zerg Flyer Weapons Level 2  
  176  11:38  Ultralisk Cavern  
  176  11:39  Hydralisk Den  
  174  11:41  Drone x4  
  174  11:42  Drone, Evolution Chamber  
  174  11:44  Evolution Chamber  
  174  11:45  Extractor  
  176  11:51  Overlord x4  
  176  11:52  Overlord  
  176  11:54  Extractor  
  176  11:55  Drone  
  176  11:56  Drone x3  
  179  12:03  Queen  
  181  12:39  Queen  
  183  12:49  Ultralisk x2  
  183  12:50  Hydralisk x2  
  199  12:53  Overlord x3  
  199  12:54  Drone  
  200  13:02  Anabolic Synthesis  
  200  13:08  Extractor  
  200  13:09  Extractor  
Tags
 
Add a new tag
Caveats
  • Supply blocks, unpowered buildings, or Contaminate may cause inaccurate times.
  • Supply counts are checked every 10 seconds.